 Dungeon Crawl Stone Soup version 0.25.0-26-g0c896c7088 (webtiles) character file.

Game seed: 10310242093048810293

28 protoss039 the Sneak (level 3, 0/19 HPs)
             Began as a Vampire Enchanter on July 3, 2020.
             Slain by a ball python (1 damage)
             ... on level 1 of the Dungeon.
             The game lasted 00:03:11 (951 turns).

protoss039 the Sneak (Vampire Enchanter)             Turns: 951, Time: 00:03:12

Health: 0/19       AC:  2    Str:  7    XL:     3   Next: 0%
Magic:  4/6        EV: 10    Int: 17    God:
Gold:   19         SH:  0    Dex: 15    Spells: 5/6 levels left

rFire    . . .     SeeInvis +   a - +1 dagger
rCold    + + .     Gourm    .   (no shield)
rNeg     + + +     Faith    .   b - +0 robe
rPois    ∞         Spirit   .   (no helmet)
rElec    .         Reflect  .   (no cloak)
rCorr    .         Harm     .   (no gloves)
MR       .....                  (no boots)
Stlth    +++++.....             (no amulet)
HPRegen  0.00/turn              (no ring)
MPRegen  0.10/turn              (no ring)

@: bloodless, constricted
A: no food, fangs 3, see invisible, unbreathing
a: Bat Form, Revivify


You were on level 1 of the Dungeon.
You were bloodless.

You visited 1 branch of the dungeon, and saw 1 of its levels.

You collected 19 gold pieces.

Inventory:

Hand Weapons
 a - a +1 dagger (weapon)
Armour
 b - a +0 robe (worn)
Jewellery
 c - an uncursed amulet of magic regeneration {unknown}
Scrolls
 d - a scroll of enchant armour {unknown}
 e - a scroll of magic mapping {unknown}
 f - a scroll of noise {unknown}


   Skills:
 + Level 0.1 Fighting
 + Level 1.1 Short Blades
 - Level 2.1 Dodging
 + Level 5.4 Stealth
 + Level 2.1 Spellcasting
 + Level 5.1 Hexes


You had 5 spell levels left.
You knew the following spells:

 Your Spells              Type           Power        Failure   Level  Hunger
a - Corona                Hex            ###....      2%          1    N/A

Your spell library contained the following spells:

 Spells                   Type           Power        Failure   Level  Hunger
 Confusing Touch          Hex            ###.....     7%          3    N/A
 Tukima's Dance           Hex            ###.....     7%          3    N/A
 Ensorcelled Hibernation  Hex/Ice        ##....       10%         2    N/A
 Dazzling Flash           Conj/Hex       ##....       21%         3    N/A

Dungeon Overview and Level Annotations

Branches:
Dungeon (1/15)

Altars:


Innate Abilities, Weirdness & Mutations

You do not eat.
You do not regenerate when monsters are visible.
You are frail without blood (-20% HP).
You can heal yourself when you bite living creatures.
You are immune to poison.
You have razor-sharp teeth.
You have supernaturally acute eyesight. (SInv)
You can survive without breathing.


Message History

The bat hits you.
* * * LOW HITPOINT WARNING * * *
The bat barely misses you.
Casting: Corona (safe; 2% risk of failure)
Confirm with . or Enter, or press ? or * to list all spells.
Aiming: Corona (safe; 2% risk of failure)
Press: ? - help, Shift-Dir - straight line, f - bat
Aim: a bat (chance to defeat MR: 73%)
The bat is outlined in light.
The bat hits you but does no damage. The bat closely misses you.
You completely miss the bat. The bat hits you but does no damage.
You hit the bat.
You kill the bat!
You have reached level 3!
Your experience leads to an increase in your attributes!
Increase (S)trength, (I)ntelligence, or (D)exterity?
You feel agile.
You can now transform into a vampire bat.
The ball python closely misses you. The ball python grabs you.
You die...

.##.###.# #.#..##.##.##
.8#.###.# #.##.##.....#......#
.##..#..# #.##.##.....#......#
.8#.....#...##.##.....#......#
###.......####.##.)...#......#
.................>##+##......#
#.#############...##.##......#
#.# .......†.####.##......#
#.# (........@S.lg.'...)..#
..#### ...#####.####.##......#
...... . #.# #........?..#
.....# #.# #..#..........
.....# #.# #..#.......$..
.....# #.# #..#..........
...... ..# #..#..........
...#.# ... #.........#+## ...#


You could see a leopard gecko, a hobgoblin and a ball python.

Vanquished Creatures
  An ooze (D:1)
  A dart slug (D:1)
  3 bats (D:1)
  3 giant cockroaches (D:1)
  4 goblins (D:1)
  2 hobgoblins (D:1)
  A kobold (D:1)
  A ball python (D:1)
  6 rats (D:1)
22 creatures vanquished.

Notes
Turn   | Place    | Note
-------+----------+-------------------------------------------
     0 | D:1      | protoss039 the Vampire Enchanter began the quest for the
                  | Orb.
     0 | D:1      | Reached XP level 1. HP: 13/13 MP: 3/3
   262 | D:1      | Reached XP level 2. HP: 14/15 MP: 3/5
   326 | D:1      | Reached skill level 5 in Stealth
   469 | D:1      | Reached skill level 5 in Hexes
   951 | D:1      | Reached XP level 3. HP: 1/19 MP: 4/6
   951 | D:1      | Slain by a ball python

Illustrated notes

Levels and vault maps discovered:
D:1:      heliophobic_arrival_ceremonial_halls, layout_basic

Skill      XL: |  1  2 |
---------------+-------+-----
Stealth        | 5 |  5.4
Hexes          | 5 |  5.1
Fighting       | |  0.1
Short Blades   | |  1.1
Dodging        | |  2.1
Spellcasting   | |  2.1

Action                   || total
-------------------------++-------
Melee: Dagger            ||    62
       Bite              ||     4
 Cast: Corona            ||    12
 Abil: Exsanguinate      ||     1
 Stab: Sleeping          ||    10
Armor: Robe              ||    20
Dodge: Dodged            ||    40
